 Dungeon Crawl Stone Soup version 0.20.1-1-g8b1a95d (webtiles) character file.

4323 HomicidalChip the Grappler (level 10, 0/82 HPs)
             Began as a Troll Berserker on Oct 18, 2017.
             Was an Elder of Trog.
             Slain by a warg (8 damage)
             ... on level 8 of the Dungeon.
             The game lasted 00:13:49 (5935 turns).

HomicidalChip the Grappler (Troll Berserker)        Turns: 5935, Time: 00:13:49

Health: 0/82       AC: 13    Str: 30    XL:     10   Next: 11%
Magic:  9/9        EV: 11    Int:  3    God:    Trog [****..]
Gold:   126        SH:  0    Dex:  9    Spells: 9/9 levels left

rFire    + + .     SeeInvis .     - Unarmed
rCold    + . .     Gourm    +   (no shield)
rNeg     . . .     Faith    .   x - +3 troll leather armour
rPois    +         Spirit   .   (helmet restricted)
rElec    +         Reflect  .   (no cloak)
rCorr    +         Harm     .   (gloves unavailable)
MR       .....                  (boots unavailable)
Stlth    +.........             (no amulet)
Regen    1.1/turn               w - ring of protection from fire
MPRegen  0.2/turn               (no ring)

@: resistant, berserk cooldown, slowed, very slow
A: unfitting armour, antennae 1, claws 3, yellow scales 1, fast metabolism 3,
frail 1, gourmand, regeneration 1, shaggy fur 2, tough skin 2
a: Berserk, Trog's Hand, Brothers in Arms, Burn Spellbooks, Renounce Religion


You were on level 8 of the Dungeon.
You worshipped Trog.
Trog was greatly pleased with you.
You were completely stuffed.

You visited 1 branch of the dungeon, and saw 8 of its levels.

You collected 385 gold pieces.
You spent 259 gold pieces at shops.

Inventory:

Hand Weapons
 t - a +2 short sword of speed
 y - a +7 flail of holy wrath
 B - a cursed +3 scimitar of freezing
Missiles
 D - 4 javelins of penetration (quivered)
Armour
 x - a +3 troll leather armour (worn)
Jewellery
 w - a ring of protection from fire (left claw)
 J - a +1 ring of evasion {unknown}
Wands
 a - a wand of digging (10/24)
 c - a wand of confusion (18/48)
 H - a wand of random effects (25/48)
Scrolls
 e - 2 scrolls of blinking {unknown}
 g - a scroll of fear {unknown}
 h - 5 scrolls of remove curse {unknown}
 j - 2 scrolls of recharging {unknown}
 m - a scroll of noise {unknown}
 n - 6 scrolls of teleportation {unknown}
 o - a scroll of fog {unknown}
 q - 3 scrolls of enchant weapon
 u - 3 scrolls of amnesia {unknown}
 z - 6 scrolls of identify {unknown}
 K - a scroll of magic mapping
 L - a scroll of random uselessness {unknown}
Potions
 i - a potion of berserk rage
 l - 2 potions of curing
 s - a potion of lignification
 v - 2 potions of agility
 G - a potion of flight
 I - a potion of haste {unknown}
Books
 d - a book of Maledictions

   Spells                             Type                      Level
   a - Corona                         Hexes                        1
   b - Ensorcelled Hibernation        Hexes/Ice                    2
   c - Confuse                        Hexes                        3
   d - Tukima's Dance                 Hexes                        3
   e - Dazzling Spray                 Conjuration/Hexes            3
   Trog disapproves of the use of such an item.
 E - a book of Misfortune

   Spells                             Type                      Level
   a - Confusing Touch                Hexes                        1
   b - Confuse                        Hexes                        3
   c - Gell's Gravitas                Translocation                3
   d - Petrify                        Transmutation/Earth          4
   e - Metabolic Englaciation         Hexes/Ice                    5
   f - Yara's Violent Unravelling     Hexes/Transmutation          5
   Trog disapproves of the use of such an item.
Comestibles
 b - 6 bread rations
 f - 3 meat rations
 p - 4 fruits


   Skills:
 + Level 3.8 Fighting
 + Level 3.6 Armour
 + Level 5.8 Dodging
 + Level 1.8 Stealth
 + Level 11.6 Unarmed Combat


You had 9 spell levels left.
You didn't know any spells.

Dungeon Overview and Level Annotations

Branches:
Dungeon (8/15)             Temple (0/1) D:5            Lair (0/6) D:8

Altars:
Fedhas
Gozag
Hepliaklqana
Kikubaaqudgha
Nemelex Xobeh
Okawaru
Trog
Uskayaw
Zin

Shops:
D:5 :   D:8 ?


Innate Abilities, Weirdness & Mutations

You are too large for most types of armour.
You have claws for hands.
Your metabolism is lightning-fast.
You like to eat raw meat.
Your natural rate of healing is unusually fast.
You are covered in thick fur. (AC +2)
You have very tough skin. (AC +2)
You have a pair of small antennae on your head.
You are partially covered in yellow scales. (AC +2)
You are frail. (-10% HP)


Message History

* * * LOW HITPOINT WARNING * * *
You feel better. The warg bites you!
* * * LOW HITPOINT WARNING * * *
The warg closely misses you. The orc warrior barely misses you.
It was a potion of heal wounds.
You feel much better. The warg bites you but does no damage.
The warg barely misses you.
The orc warrior hits you from afar with a glaive!!
* * * LOW HITPOINT WARNING * * *
You feel much better. The warg barely misses you. x2
The orc warrior hits you from afar with a glaive!
* * * LOW HITPOINT WARNING * * *
The orc priest invokes the aid of Beogh against you.
Beogh smites you!
* * * LOW HITPOINT WARNING * * *
It was a potion of mutation.
You feel extremely strange.
Your fur grows into a thick mane.
You feel frail.
Yellow scales grow over part of your body.
A pair of antennae grows on your head! The warg bites you!
You die...

#.#....... #......... ######
#.......>. #....# #o..o.....
#....# #o#....... ########....###
#o##......
......##.(....###o####..(. ##
......###.......#......... #..
......##........@.........####.>#
......##..(.....h.......#.##.....
......##................#.#......
......##................#.#......
.......#................#....#...
.................................
##.####.#........<...............
#.%##...#........)......∩.##.|..
##.%..#...............#.........


You could see a warg, an orc warrior, an orc priest and 2 orcs.

Vanquished Creatures
  A two-headed ogre (D:8)
  A troll (D:5)
  The ghost of neva315 the Chiller, an amateur HuIE (D:5)
  3 yaks (D:7)
  A hungry ghost (D:7)
  A warg (D:8)
  The ghost of Sharkman1231 the Skirmisher, an amateur DEWn (D:4)
  Edmund (D:6)
  An orc warrior (D:7)
  An ice beast (D:6)
  A black bear (D:6)
  A phantom (D:4)
  2 ogres
  A centaur (D:7)
  4 bullfrogs
  A big kobold (D:7)
  A scorpion (D:8)
  5 killer bees (D:8)
  3 wights (D:6)
  A howler monkey (D:4)
  3 crimson imps
  A centaur zombie (D:5)
  A bullfrog zombie (D:6)
  2 centaur skeletons
  3 hounds
  6 orc priests
  An iguana (D:6)
  Jessica (D:3)
  5 worker ants
  5 orc wizards
  A hound zombie (D:8)
  3 hound skeletons
  6 adders
  An ooze (D:4)
  4 worms
  4 dart slugs
  3 leopard geckos
  22 orcs
  6 giant cockroaches
  7 goblins
  8 hobgoblins
  13 jackals
  5 quokkas
  4 bats
  3 frilled lizards
  A jackal skeleton (D:7)
  9 kobolds
  6 rats
166 creatures vanquished.

Notes
Turn   | Place    | Note
-------+----------+-------------------------------------------
     0 | D:1      | HomicidalChip the Troll Berserker began the quest for the Orb.
     0 | D:1      | Reached XP level 1. HP: 22/22 MP: 0/0
   118 | D:1      | Reached XP level 2. HP: 29/29 MP: 1/1
   999 | D:2      | Reached XP level 3. HP: 28/36 MP: 2/2
  1164 | D:2      | Reached ** piety under Trog
  1414 | D:2      | Reached skill level 4 in Unarmed Combat
  1436 | D:2      | Found a glowing silver altar of Zin.
  1752 | D:3      | Reached XP level 4. HP: 38/44 MP: 3/3
  1863 | D:3      | Noticed Jessica
  1869 | D:3      | Killed Jessica
  1936 | D:3      | Reached XP level 5. HP: 46/52 MP: 4/4
  2137 | D:3      | Reached skill level 5 in Unarmed Combat
  2538 | D:4      | Noticed Sharkman1231's ghost (amateur DEWn)
  2548 | D:4      | Reached XP level 6. HP: 58/61 MP: 5/5
  2564 | D:4      | Killed Sharkman1231's ghost
  2564 | D:4      | Reached skill level 6 in Unarmed Combat
  2710 | D:4      | Found a bloodstained altar of Trog.
  2714 | D:4      | Reached XP level 7. HP: 35/67 MP: 6/6
  2861 | D:4      | Reached *** piety under Trog
  3068 | D:5      | Entered Level 5 of the Dungeon
  3078 | D:5      | Found Githafoi's Book Emporium.
  3208 | D:5      | Reached skill level 7 in Unarmed Combat
  3331 | D:5      | Found an iron altar of Okawaru.
  3333 | D:5      | Found an opulent altar of Gozag.
  3333 | D:5      | Found an ancient bone altar of Kikubaaqudgha.
  3355 | D:5      | Found a sparkling altar of Nemelex Xobeh.
  3412 | D:5      | Noticed neva315's ghost (amateur HuIE)
  3421 | D:5      | Killed neva315's ghost
  3576 | D:5      | Noticed a troll
  3610 | D:5      | Killed a troll
  3610 | D:5      | Reached skill level 8 in Unarmed Combat
  3610 | D:5      | Reached XP level 8. HP: 46/75 MP: 7/7
  3727 | D:5      | Reached skill level 1 in Stealth
  3843 | D:5      | Found a staircase to the Ecumenical Temple.
  4003 | D:6      | Noticed Edmund
  4011 | D:6      | Killed Edmund
  4344 | D:6      | Reached skill level 1 in Armour
  4344 | D:6      | Reached skill level 9 in Unarmed Combat
  4382 | D:6      | Found a hide-covered altar of Uskayaw.
  4530 | D:6      | Received a gift from Trog
  4580 | D:6      | Reached skill level 5 in Dodging
  4727 | D:6      | Found a blossoming altar of Fedhas.
  4733 | D:6      | Found a hazy altar of Hepliaklqana.
  4880 | D:7      | Reached XP level 9. HP: 65/83 MP: 8/8
  5047 | D:7      | Reached skill level 10 in Unarmed Combat
  5048 | D:7      | Reached **** piety under Trog
  5614 | D:8      | Noticed a two-headed ogre
  5621 | D:8      | Killed a two-headed ogre
  5621 | D:8      | Reached skill level 11 in Unarmed Combat
  5644 | D:8      | Found Satig's Magic Scroll Shoppe.
  5725 | D:8      | Reached XP level 10. HP: 91/92 MP: 9/9
  5735 | D:8      | Bought a scroll of magic mapping for 49 gold pieces
  5735 | D:8      | Bought a scroll of enchant armour for 105 gold pieces
  5735 | D:8      | Bought a scroll of enchant weapon for 105 gold pieces
  5901 | D:8      | Found a staircase to the Lair.
  5921 | D:8      | HP: 4/138 [orc warrior/glaive (7)]
  5935 | D:8      | Gained mutation: You are covered in thick fur. (AC +2) [potion of mutation]
  5935 | D:8      | Gained mutation: You are frail. (-10% HP) [potion of mutation]
  5935 | D:8      | Gained mutation: You are partially covered in yellow scales. (AC +2) [potion of mutation]
  5935 | D:8      | Gained mutation: You have a pair of small antennae on your head. [potion of mutation]
  5935 | D:8      | Slain by a warg

Skill      XL: |  1  2  3  4  5  6  7  8  9 |
---------------+----------------------------+-----
Unarmed Combat | 4 5 6 8 9 11 | 11.6
Dodging        | 3 4 5 |  5.8
Fighting       | 3 |  3.8
Stealth        | 1 |  1.8
Armour         | 2 3 |  3.6

Action                   |  1- 3 |  4- 6 |  7- 9 | 10-12 || total
-------------------------+-------+-------+-------+-------++-------
Melee: Unarmed           |   142 |    96 |   275 |    28 ||   541
       Punch             |       |       |     8 |     1 ||     9
  Use: Potion            |     1 |       |     2 |     8 ||    11
       Scroll            |       |       |       |     3 ||     3
 Stab: Sleeping          |     1 |       |       |       ||     1
  Eat: Chunk             |    20 |    10 |    35 |     3 ||    68
Armor: Animal skin       |    52 |    19 |    14 |       ||    85
       Skin              |       |       |    15 |       ||    15
       Troll leather arm |       |       |    56 |    22 ||    78
Dodge: Dodged            |    59 |    44 |   117 |    38 ||   258
